 Dungeon Crawl Stone Soup version 0.23.2-30-g0e89c35649 (webtiles) character file.

Game seed: 5901869942355768265

321 HASTUR3 the Charmwright (level 6, -1/32 HPs)
             Began as a Deep Elf Air Elementalist on June 19, 2019.
             Slain by an ogre
             ... wielding a +0 giant spiked club
              (33 damage)
             ... on level 4 of the Dungeon.
             The game lasted 00:16:04 (3039 turns).

HASTUR3 the Charmwright (Deep Elf Air Elementalist) Turns: 3039, Time: 00:16:07

Health: -1/32      AC:  3    Str:  6    XL:     6   Next: 22%
Magic:  10/12      EV: 13    Int: 21    God:
Gold:   107        SH:  0    Dex: 15    Spells: 1/11 levels left

rFire    . . .     SeeInvis .   f - +1 hunting sling
rCold    . . .     Gourm    .   (no shield)
rNeg     . . .     Faith    .   a - +0 robe
rPois    .         Spirit   .   (no helmet)
rElec    .         Reflect  .   j - +0 cloak
rCorr    .         Harm     .   (no gloves)
MR       .....                  (no boots)
Stlth    ++........             (no amulet)
HPRegen  0.10/turn              h - ring of wizardry
MPRegen  0.13/turn              (no ring)

@: no status effects
A: no striking features
a: no special abilities


You were on level 4 of the Dungeon.
You were not hungry.

You visited 1 branch of the dungeon, and saw 4 of its levels.

You collected 107 gold pieces.

Inventory:

Hand Weapons
 f - a +1 hunting sling (weapon)
 o - a +0 dagger of speed
Missiles
 g - 21 sling bullets (quivered)
Armour
 a - a +0 robe (worn)
 j - a +0 cloak (worn)
Jewellery
 h - a ring of wizardry (left hand)
 i - a +6 ring of protection {unknown}
Scrolls
 d - a scroll of teleportation {unknown}
 l - 2 scrolls of remove curse
 n - 2 scrolls of amnesia {unknown}
 p - 4 scrolls of identify
 q - a scroll of magic mapping {unknown}
Potions
 b - 4 potions of curing
 e - a potion of resistance {unknown}
 m - a potion of berserk rage {unknown}
Comestibles
 c - 3 rations
 k - 4 chunks of flesh


   Skills:
 - Level 2.4 Dodging
 - Level 2.4 Stealth
 - Level 3.0 Spellcasting
 - Level 3.3 Conjurations
 - Level 6.5 Charms
 + Level 4.2 Air Magic


You had one spell level left.
You knew the following spells:

 Your Spells              Type           Power        Failure   Level  Hunger
a - Shock                 Conj/Air       ###.         1%          1    None
b - Swiftness             Chrm/Air       ####....     1%          2    ##.....
c - Static Discharge      Conj/Air       ###.....     3%          3    ###....
d - Airstrike             Air            ###.......   10%         4    ####...

Your spell library contained the following spells:

 Spells                   Type           Power        Failure   Level  Hunger
 Lightning Bolt           Conj/Air       ###.......   30%         5    ######.


Dungeon Overview and Level Annotations

Branches:
Dungeon (4/15)
 Temple: D:4-7

Altars:

Shops:
D:4 *


Message History

Confirm with . or Enter, or press ? or * to list all spells.
Aiming: Shock (safe; 1% risk of failure)
Press: ? - help, Shift-Dir - straight line
Okay, then.
Casting: Shock (safe; 1% risk of failure)
Confirm with . or Enter, or press ? or * to list all spells.
Aiming: Shock (safe; 1% risk of failure)
Press: ? - help, Shift-Dir - straight line
Okay, then.
Casting: Shock (safe; 1% risk of failure)
Confirm with . or Enter, or press ? or * to list all spells.
Aiming: Shock (safe; 1% risk of failure)
Press: ? - help, Shift-Dir - straight line The zap hits the ogre.
The ogre is severely wounded.
The zap hits the ogre.
The ogre is severely wounded.
The ogre hits you with a +0 giant spiked club!!
Ouch! That really hurt!
You die...

#..# .. ##.# #..
#(### #...
.>###...#####..#
...........#...#
...####......# .
###..)## .. ##..#
... #.@# ##..
#.O# ....###
##).##
≈≈≈≈≈≈≈####....#
≈.....≈.##..##..#
..⌠.⌠.≈....## #.#
...∩..≈.#.## .#
..⌠.⌠.≈....####.#
≈.....≈....."...#


You could see an ogre.

Vanquished Creatures
  Sigmund (D:2)
  2 hounds (D:4)
  4 adders
  3 dart slugs (D:1)
  4 leopard geckos
  An orc (D:4)
  A giant cockroach (D:1)
  5 goblins
  9 hobgoblins
  4 jackals (D:1)
  2 quokkas
  3 ball pythons
  9 bats
  2 frilled lizards (D:1)
  6 kobolds
  7 rats
63 creatures vanquished.

Notes
Turn   | Place    | Note
-------+----------+-------------------------------------------
     0 | D:1      | HASTUR3 the Deep Elf Air Elementalist began the quest for
                  | the Orb.
     0 | D:1      | Reached XP level 1. HP: 10/10 MP: 6/6
   176 | D:1      | Reached XP level 2. HP: 15/15 MP: 1/8
   184 | D:1      | You fall through a shaft!
   640 | D:1      | Learned a level 2 spell: Swiftness
   730 | D:1      | Reached XP level 3. HP: 19/19 MP: 7/9
   815 | D:1      | Reached skill level 1 in Charms
  1165 | D:2      | Reached skill level 2 in Charms
  1173 | D:2      | Learned a level 3 spell: Static Discharge
  1322 | D:2      | Noticed Sigmund
  1327 | D:2      | Killed Sigmund
  1327 | D:2      | Reached skill level 6 in Charms
  1327 | D:2      | Reached XP level 4. HP: 24/24 MP: 5/10
  1327 | D:2      | Reached XP level 5. HP: 28/28 MP: 5/11
  1333 | D:2      | Learned a level 4 spell: Airstrike
  2925 | D:4      | Reached XP level 6. HP: 24/32 MP: 6/12
  3019 | D:4      | Found Gozag's Platinum Reserve.
  3039 | D:4      | Slain by an ogre

Skill      XL: |  1  2  3  4  5  6 |
---------------+-------------------+-----
Conjurations   | 2 3 |  3.3
Charms         | 6 |  6.5
Air Magic      | 4 |  4.2
Dodging        | |  2.4
Stealth        | |  2.4
Spellcasting   | |  3.0

Action                   |  1- 3 |  4- 6 || total
-------------------------+-------+-------++-------
 Fire: Hunting sling     |    26 |    11 ||    37
 Cast: Shock             |    44 |    40 ||    84
       Airstrike         |       |     2 ||     2
       Swiftness         |       |     1 ||     1
  Use: Scroll            |       |     3 ||     3
  Eat: Chunk             |     1 |     6 ||     7
Armor: Robe              |     7 |     1 ||     8
Dodge: Dodged            |    21 |    13 ||    34
